 Dungeon Crawl Stone Soup version 0.17.1-1-g73c8601 (webtiles) character file.

499 PossumBlood the Fighter (level 6, -5/61 HPs)
             Began as a Minotaur Fighter on Dec 23, 2015.
             Slain by an orc wizard
             ... wielding a +0 dagger
              (7 damage)
             ... on level 4 of the Dungeon.
             The game lasted 00:11:17 (2419 turns).

PossumBlood the Fighter (Minotaur Fighter)          Turns: 2419, Time: 00:11:17

Health: -5/61      AC:  3    Str: 23    XL:     6   Next: 94%
Magic:  5/5        EV: 12    Int:  5    God:
Gold:   150        SH:  0    Dex:  9    Spells: 0 memorised, 5 levels left

rFire  + . .     SeeInvis .     a - +0 long sword
rCold  . . .     Clarity  .     y - troll hide
rNeg   . . .     SustAt   .     c - +0 shield
rPois  .         Gourm    .     (helmet restricted)
rElec  .         Spirit   .     (no cloak)
rCorr  .         Warding  .     h - +0 pair of gloves
rMut   .         Stasis   .     (no boots)
MR     .....                    (no amulet)
Stlth  +.........               t - +2 ring of evasion
                                v - ring of protection from fire

@: confused, slowed, very slow, not resistant to hostile enchantments, very
unstealthy
A: retaliatory headbutt, horns 2
a: no special abilities


You were on level 4 of the Dungeon.
You were not hungry.

You visited 1 branch of the dungeon, and saw 4 of its levels.

You collected 150 gold pieces.

Inventory:

Hand Weapons
 a - a +0 long sword (weapon)
Armour
 b - a +0 scale mail
 c - a +0 shield (worn)
 h - a +0 pair of gloves (worn)
 y - a troll hide (worn)
Jewellery
 o - an uncursed ring of wizardry
 t - a +2 ring of evasion (right hand)
 v - a ring of protection from fire (left hand)
 z - an uncursed ring of stealth
Scrolls
 f - 2 scrolls of magic mapping {unknown}
 g - 2 scrolls of teleportation {unknown}
 i - 2 scrolls of blinking {unknown}
 k - a scroll of amnesia {unknown}
 m - a scroll of recharging {unknown}
 n - 3 scrolls of identify {unknown}
 p - a scroll of remove curse {unknown}
 w - a scroll of immolation {unknown}
Potions
 d - 4 potions of might
 j - 3 potions of cancellation {unknown}
 q - 3 potions of degeneration {unknown}
 r - a potion of lignification {unknown}
 u - 3 potions of magic {unknown}
 A - a potion of ambrosia {unknown}
 B - a potion of curing {unknown}
 C - a potion of haste {unknown}
 D - a potion of invisibility {unknown}
Comestibles
 e - 2 bread rations
 l - a slice of pizza
 s - 4 fruits
 x - a meat ration
 E - 2 beef jerkies


   Skills:
 * Level 8.0 Fighting
 - Level 2.4 Long Blades
 - Level 3.6 Armour
 + Level 4.2 Dodging
 + Level 0.5 Stealth
 - Level 3.6 Shields


You had 5 spell levels left.
You didn't know any spells.

Dungeon Overview and Level Annotations

Branches:
Dungeon (4/15)
 Temple: D:4-7

Altars:
Cheibriados
Dithmenos
Gozag

Annotations:
D:2 Natasha


Innate Abilities, Weirdness & Mutations

You reflexively headbutt those who attack you in melee.
You have a pair of horns on your head.


Message History

You're too confused to move!
The orc hits you with a whip.
* * * LOW HITPOINT WARNING * * *
The orc barely misses you. Something hits you but does no damage.
The orc hits you with a whip.
* * * LOW HITPOINT WARNING * * *
You completely miss something. The orc misses you. Something hits you.
* * * LOW HITPOINT WARNING * * *
The orc misses you. x2
Something hits you but does no damage.
You miss the orc. Your headbutt misses the orc.
The orc is moderately wounded.
The orc closely misses you. The orc hits you.
* * * LOW HITPOINT WARNING * * *
Something hits you but does no damage. The orc closely misses you.
The orc barely misses you. Something hits you.
* * * LOW HITPOINT WARNING * * *
An orc wizard appears from thin air!
Reactivating autopickup.
The orc barely misses you. The orc wizard hits you with a dagger!
You die...

##### ....#
....#################
...>..........).....#
##..############..#..#
#..# #....## .# ##..#
#.##oo#...# .#..# #
#.@o†...# .#..#
#$.........# ....#
#..#.......... ....#
#..###.....### †.###
#> #.....# ..# #
...#..# ..# ......#
.(# .....# ..#


You could see an orc wizard and 2 orcs.

Vanquished Creatures
  A phantom (D:4)
  A scorpion (D:4)
  2 crimson imps
  2 orc wizards (D:4)
  An orc priest (D:4)
  Natasha (D:2)
  A worker ant (D:3)
  9 adders
  A worm (D:3)
  6 giant geckos
  8 orcs
  5 bats
  2 giant cockroaches
  8 hobgoblins
  10 kobolds
  2 quokkas (D:2)
  A ball python (D:3)
  A giant gecko skeleton (D:4)
  5 giant newts
  5 goblins
  3 jackals (D:1)
  A quokka skeleton (D:4)
  10 rats
86 creatures vanquished.

Notes
Turn   | Place    | Note
--------------------------------------------------------------
     0 | D:1      | PossumBlood the Minotaur Fighter began the quest for the Orb.
     0 | D:1      | Reached XP level 1. HP: 19/19 MP: 0/0
    86 | D:1      | Reached skill level 4 in Fighting
   171 | D:1      | Reached XP level 2. HP: 22/28 MP: 1/1
   748 | D:2      | Reached XP level 3. HP: 31/35 MP: 2/2
   930 | D:2      | Reached skill level 5 in Fighting
   982 | D:2      | Reached skill level 1 in Dodging
  1056 | D:2      | Noticed Natasha
  1063 | D:2      | Killed Natasha
  1063 | D:2      | Reached XP level 4. HP: 35/44 MP: 3/3
  1198 | D:2      | Noticed Natasha
  1201 | D:2      | Reached skill level 6 in Fighting
  1521 | D:3      | Found an opulent altar of Gozag.
  1774 | D:3      | Reached XP level 5. HP: 51/51 MP: 4/4
  2067 | D:3      | Found a shadowy altar of Dithmenos.
  2089 | D:4      | Noticed a phantom
  2108 | D:4      | Killed a phantom
  2108 | D:4      | Reached skill level 7 in Fighting
  2108 | D:4      | Reached XP level 6. HP: 36/60 MP: 5/5
  2203 | D:4      | Found a snail-covered altar of Cheibriados.
  2406 | D:4      | Reached skill level 8 in Fighting
  2418 | D:4      | HP: 1/61 [something (3)]
  2419 | D:4      | Slain by an orc wizard

Action                   |  1- 3 |  4- 6 || total
-------------------------+-------+-------++-------
Melee: Long sword        |    85 |   155 ||   240
  Eat: Fruit             |     1 |     2 ||     3
       Bread ration      |       |     1 ||     1
